Map: Overgrown Facility

Players

Throwfordays - Winner!

  • Race: Protoss Protoss
  • League: Bronze
  • Spawn Location: 3:00

Faust - Winner!

  • Race: Zerg Zerg
  • League: Diamond
  • Spawn Location: 1:00

ThighBruiser

  • Race: Zerg Zerg
  • Spawn Location: 9:00

Sixpips

  • Race: Terran Terran
  • Spawn Location: 7:00

VOD

Have the link to the VOD?

Description

Time

  • Played on: Jan. 29, 2019, 6:27 p.m.
  • Length: 7:26
Show
View Real Time Build Order
Export as new Build Order

Throwfordays Protoss - Winner!

Build Orders:  

Get SALT Encoding   

  12  0:00  Probe  
  13  0:13  Pylon  
  13  0:18  Probe  
  14  0:30  Probe  
  15  0:38  Gateway  
  15  0:42  Probe  
  16  0:45  Assimilator  
  16  0:54  Probe  
  17  1:06  Probe  
  18  1:19  Probe  
  18  1:25  Cybernetics Core  
  19  1:31  Warp Gate  
  19  1:32  Pylon  
  19  1:40  Probe  
  20  1:57  Assimilator  
  20  1:58  Probe  
  20  2:00  Nexus  
  21  2:10  Probe  
  22  2:22  Probe  
  23  2:34  Gateway  
  23  2:36  Gateway  
  23  2:39  Gateway  
  23  2:43  Pylon  
  23  2:50  Pylon  
  23  2:56  Probe  
  24  3:08  Probe  
  25  3:17  Twilight Council  
  25  3:20  Probe  
  26  3:27  Forge  
  26  3:32  Probe  
  26  3:34  Adept  
  29  3:39  Adept  
  31  3:43  Probe  
  31  3:45  Protoss Ground Weapons Level 1, Probe  
  33  3:48  Adept  
  33  3:54  Adept  
  33  3:55  Resonating Glaives  
  37  3:58  Probe  
  37  4:00  Probe  
  39  4:14  Probe  
  40  4:18  Probe  
  41  4:26  Probe  
  41  4:30  Probe  
  43  4:36  Adept  
  43  4:38  Probe  
  46  4:40  Adept  
  46  4:42  Probe  
  46  4:44  Adept  
  51  4:48  Adept  
  51  4:50  Probe  
  54  4:54  Probe  
  55  5:02  Probe  
  56  5:23  Pylon  
  56  6:03  Gateway  
  56  6:06  Gateway  
  56  6:10  Robotics Facility  
  56  6:12  Robotics Facility  
  56  6:23  Adept  
  56  6:24  Adept x3  
Show
View Real Time Build Order
Export as new Build Order

Faust Zerg - Winner!

Build Orders: Hatch First 

Get SALT Encoding   

  12  0:01  Drone  
  13  0:10  Drone  
  14  0:15  Extractor  
  14  0:16  Drone  
  15  0:23  Overlord  
  15  0:42  Drone x2  
  17  0:55  Hatchery  
  16  0:58  Drone  
  17  1:13  Spawning Pool  
  17  1:17  Drone  
  17  1:20  Extractor  
  17  1:22  Drone  
  17  1:33  Drone  
  17  1:34  Drone  
  19  1:45  Overlord  
  19  2:01  Queen  
  19  2:02  Zergling x2  
  19  2:06  Zergling x2, Queen  
  25  2:13  Zergling x2  
  25  2:14  Zergling x2  
  27  2:22  Metabolic Boost  
  27  2:27  Zergling x4  
  29  2:39  Zergling x6  
  32  2:57  Drone x3  
  35  2:59  Baneling Nest  
  35  3:02  Overlord  
  34  3:08  Drone  
  35  3:29  Zergling x2  
  35  3:30  Zergling x10  
  40  3:58  Baneling  
  39  4:14  Baneling  
  39  4:15  Baneling  
  39  4:16  Baneling  
  34  4:31  Baneling  
  34  4:32  Baneling  
  29  5:02  Zergling x2  
  29  5:03  Zergling x16  
  38  5:22  Overlord  
  38  5:25  Lair, Queen  
  38  5:28  Drone x3  
  41  5:33  Overlord  
  41  5:34  Overlord  
  43  5:50  Hatchery  
  41  6:01  Queen  
  42  6:07  Zergling x10  
  42  6:08  Zergling x14  
  53  6:15  Drone  
  54  6:22  Baneling x2  
  45  6:41  Drone  
  45  6:42  Drone x6  
  52  6:52  Drone, Hydralisk Den  
  52  6:53  Extractor  
  51  7:06  Overlord x3  
  51  7:13  Drone  
  54  7:19  Extractor  
  54  7:20  Extractor  
Show
View Real Time Build Order
Export as new Build Order

ThighBruiser Zerg 

Build Orders: 3 Hatch before Pool 

Get SALT Encoding   

  12  0:14  Drone x2  
  14  0:23  Overlord  
  14  0:31  Extractor, Drone  
  15  0:55  Drone x2  
  17  1:20  Drone  
  17  1:21  Drone x2  
  20  1:33  Hatchery  
  19  1:41  Hatchery  
  19  1:45  Spawning Pool  
  17  1:49  Drone  
  18  1:54  Overlord  
  18  1:58  Drone  
  19  2:04  Extractor  
  18  2:08  Overlord  
  18  2:19  Extractor  
  17  2:45  Drone  
  17  2:49  Zergling x6  
  21  2:53  Baneling Nest  
  21  2:56  Queen  
  22  2:59  Queen  
  22  3:00  Drone  
  22  3:03  Drone  
  26  3:08  Drone  
  27  3:13  Drone  
  28  3:27  Metabolic Boost  
  28  3:31  Zergling x6  
  31  3:47  Baneling x2  
  24  4:27  Zergling x6  
  24  4:29  Zergling x12  
  32  4:34  Evolution Chamber  
  31  4:43  Evolution Chamber  
  13  5:01  Drone  
  13  5:06  Baneling x3  
  13  5:10  Drone x2  
  15  5:38  Drone  
  15  5:39  Drone  
  15  5:41  Drone  
  9  6:04  Drone x2  
  3  6:36  Drone  
  4  6:57  Spawning Pool  
  4  6:58  Drone x2  
  4  6:59  Drone  
  6  7:01  Drone x2  
  6  7:02  Drone  
Show
View Real Time Build Order
Export as new Build Order

Sixpips Terran 

Build Orders:  

Get SALT Encoding   

  12  0:01  SCV  
  13  0:13  SCV  
  14  0:18  Supply Depot  
  14  0:25  SCV  
  15  0:31  Refinery  
  15  0:40  SCV  
  16  0:48  Barracks  
  16  0:52  SCV  
  17  1:04  SCV  
  18  1:16  SCV  
  19  1:28  SCV  
  20  1:35  Factory  
  20  1:40  SCV  
  21  1:51  Supply Depot  
  21  1:53  Barracks Reactor  
  21  1:55  SCV  
  22  2:05  Refinery  
  22  2:07  Orbital Command  
  21  2:41  SCV  
  22  2:49  Marine, Starport, Factory Tech Lab  
  22  2:50  Marine  
  24  2:55  Barracks  
  24  3:01  Command Center  
  24  3:03  SCV  
  25  3:15  SCV  
  26  3:28  Hellion  
  26  3:30  Combat Shield  
  26  3:32  Marine  
  29  3:37  Medivac  
  31  3:43  Barracks Reactor  
  31  4:02  Marine  
  30  4:20  Marine  
  30  4:21  SCV  
  32  4:28  Viking  
  34  4:34  SCV  
  34  4:36  Hellion x2  
  34  4:37  Marine x2  
  34  4:38  Marine  
  39  4:46  SCV  
  40  4:56  Marine  
  40  4:58  Viking  
  43  5:15  Marine x2  
  43  5:20  SCV  
  46  5:25  Supply Depot  
  46  5:32  SCV  
  47  5:44  SCV, Marauder  
  47  5:46  Hellion  
  52  5:57  SCV  
  53  6:05  Marauder  
Tags
 
Add a new tag
Caveats
  • Supply blocks, unpowered buildings, or Contaminate may cause inaccurate times.
  • Supply counts are checked every 10 seconds.